 Dungeon Crawl Stone Soup version 0.30.1-11-g7821555f0a (webtiles) character file.

Game seed: 2848134791416980718

267 KittyFluff the Cudgeller (level 6, 0/38 HPs)
             Began as a Gargoyle Berserker on Nov 6, 2023.
             Was a Believer of Trog.
             Slain by a gnoll
             ... wielding a +0 spear of venom
              (5 damage)
             ... on level 3 of the Dungeon.
             The game lasted 00:08:05 (2287 turns).

KittyFluff the Cudgeller (Gargoyle Berserker)       Turns: 2287, Time: 00:08:06

Health: 0/38       AC: 10    Str: 22    XL:     6   Next: 21%
Magic:  6/6        EV: 12    Int:  8    God:    Trog [**....]
Gold:   150        SH:  0    Dex:  9    Spells: 5/5 levels left

rFire   . . .        a - +0 mace
rCold   . . .        (no shield)
rNeg    + . .        n - +0 leather armour
rPois   ∞            (no helmet)
rElec   +            s - +0 cloak
rCorr   .            j - +0 pair of gloves
SInv    .            (no boots)
Will    .....        (no amulet)
Stlth   +            b - ring of flight
HPRegen 0.26/turn    (no ring)
MPRegen 0.10/turn

%: no passive effects
@: flying
A: sickness immunity, AC +4, negative energy resistance 1, electricity
resistance, torment resistance 1, petrification resistance
a: Renounce Religion, Berserk, Trog's Hand


You were on level 3 of the Dungeon.
You worshipped Trog.
Trog was pleased with you.
You visited 1 branch of the dungeon, and saw 3 of its levels.

You collected 150 gold pieces.

Inventory:

Hand Weapons
 a - a +0 mace (weapon)
Missiles
 g - 4 poisoned darts (quivered)
 t - 6 curare-tipped darts
Armour
 j - a +0 pair of gloves (worn)
 n - a +0 leather armour (worn)
 s - a +0 cloak (worn)
Jewellery
 b - a ring of flight (left hand)
 e - a ring of fire
Scrolls
 d - 5 scrolls of identify {unknown}
 i - a scroll of brand weapon {unknown}
 k - a scroll of vulnerability {unknown}
 l - a scroll of teleportation {unknown}
 p - a scroll of poison {unknown}
 r - a scroll of amnesia {unknown}
 u - a scroll of fog {unknown}
Potions
 c - a potion of flight {unknown}
 f - 2 potions of attraction {unknown}
 h - a potion of berserk rage
 m - 3 potions of degeneration {unknown}
 o - a potion of mutation {unknown}
 q - a potion of lignification {unknown}


   Skills:
 + Level 4.1 Fighting
 * Level 4.5 Maces & Flails
 * Level 4.4 Armour
 + Level 2.5 Dodging


You had 5 spell levels left.
You didn't know any spells.
Your spell library was empty.

Dungeon Overview and Level Annotations

Branches:
Dungeon (3/15)

Altars:
Qazlal

Annotations:
D:3 1 transporter, n0ni's ghost, amateur DrRe


Innate Abilities, Weirdness & Mutations

You are immune to sickness and miasma.
Your stone body is resilient. (AC +4)
You are immune to poison.
You resist negative energy. (rN+)
You are resistant to electric shocks. (rElec)
You are resistant to unholy torment.
You are immune to petrification.


Message History

* * * LOW HITPOINT WARNING * * *
The gnoll attacks as you move away! The gnoll hits you with a +0 club.
* * * LOW HITPOINT WARNING * * *
The gnoll misses you.
The gnoll zaps a wand.
You barely resist.
Things that are here:
a +0 vampiric spear; a scroll labelled PEPPIR GEQU; 5 gold pieces The gnoll closely misses you.
You hit the gnoll.
The gnoll is heavily wounded.
The gnoll closely misses you. The gnoll barely misses you.
You hit the gnoll.
The gnoll is severely wounded.
The gnoll hits you but does no damage.
You barely miss the gnoll.
The gnoll is severely wounded.
The gnoll hits you but does no damage.
You sock the gnoll!
You kill the gnoll!
Trog accepts your kill.
You completely miss the gnoll.
The gnoll zaps a wand.
You barely resist. You sock the gnoll!
The gnoll is severely wounded.
The gnoll barely misses you.
You sock the gnoll!
You kill the gnoll!
Trog accepts your kill.
The gnoll hits you from afar with a +0 spear of venom.
* * * LOW HITPOINT WARNING * * *
The gnoll barely misses you.
You hit the gnoll.
The gnoll is moderately wounded.
The gnoll barely misses you.
You fail to use your ability.
The gnoll barely misses you.
You hit the gnoll.
The gnoll is severely wounded.
The gnoll hits you but does no damage.
You closely miss the gnoll.
The gnoll is severely wounded.
The gnoll hits you with a +0 spear of venom.
You die...

#.≈≈..#.#...#.#..≈≈.###.
#.≈≈.##.#...#.##.≈≈.# #.
#.≈≈.#©.#.:g#.g#.≈≈.###.
#.≈≈.##.#####.##.≈≈.#...
#.≈≈..#.#8⌠8#.#.....#..#
#.~~.©#.).©.'.#©....#..#
#.≈≈..#)#..P#.#.....#..#
#.≈≈.##g##.##.##.≈≈.#..#
#.≈≈.#.@#P..#..#.≈≈.#..#
#.≈≈.##.#⌠.⌠#.##.≈≈.....
#.≈≈..#.#P..#.#..≈≈.....
#.≈≈###.##'##.###≈≈....#
#.≈≈#...........#≈≈.....
#.≈≈##.###.###.##≈≈.####
#.≈≈#..#8###8#..#≈≈.# #
#.≈≈####.....####≈≈.# #
#.≈≈≈≈≈≈≈≈~≈≈≈≈≈≈≈≈..###


You could see a gnoll.

Vanquished Creatures
  A sky beast (D:3)
  Terence (D:2)
  4 adders
  4 gnolls (D:3)
  4 worms (D:2)
  3 dart slugs (D:1)
  An orc (D:3)
  7 endoplasms
  A giant cockroach (D:1)
  5 goblins
  3 hobgoblins
  A jackal (D:3)
  2 quokkas (D:1)
  7 ball pythons
  4 bats
  5 frilled lizards (D:1)
  2 kobolds
  3 rats
58 creatures vanquished.

Notes
Turn   | Place    | Note
-------+----------+-------------------------------------------
     0 | D:1      | KittyFluff the Gargoyle Berserker began the quest for the
                  | Orb.
     0 | D:1      | Reached XP level 1. HP: 14/14 MP: 1/1
    93 | D:1      | Reached XP level 2. HP: 10/19 MP: 2/2
   343 | D:1      | Reached XP level 3. HP: 21/23 MP: 3/3
   619 | D:2      | Reached ** piety under Trog
   663 | D:2      | Reached XP level 4. HP: 5/28 MP: 4/4
   926 | D:2      | Noticed Terence
   937 | D:2      | Killed Terence
  1388 | D:3      | Found a stormy altar of Qazlal.
  1523 | D:3      | Reached XP level 5. HP: 18/33 MP: 5/5
  1696 | D:3      | Noticed a sky beast
  1708 | D:3      | Killed a sky beast
  1709 | D:3      | Reached XP level 6. HP: 19/38 MP: 6/6
  2000 | D:3      | Found a transporter.
  2177 | D:3      | Found a transporter.
  2192 | D:3      | Noticed n0ni's ghost (amateur DrRe)
  2287 | D:3      | Slain by a gnoll

Illustrated notes

Levels and vault maps discovered:
D:1:      saegor_arrival_simple_d, layout_rooms, corexii_corridor_pit
D:2:      layout_loops_ring, minmay_misc_feat_chi, uniq_terence
D:3:      layout_rooms, nicolae_overflow_crystal_walls,
          gammafunk_ghost_gnarly_gnolls, minmay_fractal_squares_diagonal_5

Skill      XL: |  1  2  3  4  5 |
---------------+----------------+-----
Dodging        | 2 |  2.5
Armour         | 3 4 |  4.4
Maces & Flails | 4 |  4.5
Fighting       | 4 |  4.1

Action                     |  1- 3 |  4- 6 || total
---------------------------+-------+-------++-------
  Melee: Mace              |   102 |   121 ||   223
         Punch             |       |     1 ||     1
   Stab: Sleeping          |     1 |       ||     1
 Armour: Animal skin       |    32 |    27 ||    59
         Leather armour    |       |    19 ||    19
  Dodge: Dodged            |    79 |    81 ||   160
